 Dungeon Crawl Stone Soup version 0.20.1-1-g8b1a95d (webtiles) character file.

593 Lanoc the Charmwright (level 7, -8/79 HPs)
             Began as a Barachi Skald on Dec 11, 2017.
             Mangled by AGinkyLinky's ghost (12 damage)
             ... on level 4 of the Dungeon.
             The game lasted 00:16:18 (3484 turns).

Lanoc the Charmwright (Barachi Skald)               Turns: 3484, Time: 00:16:19

Health: -8/79      AC:  8    Str: 17    XL:     7   Next: 39%
Magic:  6/11       EV: 14    Int: 13    God:
Gold:   193        SH:  0    Dex: 14    Spells: 1/12 levels left

rFire    . . .     SeeInvis .   a - +0 falchion
rCold    . . .     Gourm    .   (no shield)
rNeg     . . .     Faith    .   v - +0 troll leather armour {Purgy}
rPois    .         Spirit   .   m - +0 helmet
rElec    .         Reflect  .   (no cloak)
rCorr    .         Harm     .   g - +0 pair of gloves
MR       .....                  e - +0 pair of boots
Stlth    ..........             j - amulet of rage
Regen    0.7/turn               y - +1 ring of evasion
MPRegen  0.2/turn               (no ring)

@: berserking (expiring), infused, drained, quick
A: +LOS, swims, slowness 1, strong legs 1
a: Hop, Evoke Berserk Rage


You were on level 4 of the Dungeon.
You were very hungry.

You visited 1 branch of the dungeon, and saw 4 of its levels.
You also visited: Sewer.

You collected 193 gold pieces.

Inventory:

Hand Weapons
 a - a +0 falchion (weapon)
Armour
 e - a +0 pair of boots (worn)
 g - a +0 pair of gloves (worn)
 m - a +0 helmet (worn)
 v - a +0 troll leather armour (worn) {Purgy}
Jewellery
 j - an amulet of rage (around neck)
 y - a +1 ring of evasion (left hand)
Wands
 b - a wand of acid (4/15)
Scrolls
 h - 3 scrolls of teleportation {unknown}
 i - a scroll of enchant armour {unknown}
 k - a scroll of fog {unknown}
 l - 2 scrolls of fear {unknown}
 n - 2 scrolls of magic mapping {unknown}
 p - 2 scrolls of identify {unknown}
 s - a scroll of amnesia {unknown}
 w - a scroll of recharging {unknown}
 x - a scroll of remove curse {unknown}
Potions
 o - a potion of brilliance {unknown}
 q - 2 potions of agility {unknown}
 r - a potion of curing {unknown}
 t - a potion of lignification {unknown}
 u - a potion of flight {unknown}
 z - 2 potions of experience {unknown}
Books
 c - a book of Battle

   Spells                             Type                      Level
   a - Infusion                       Charms                       1
   b - Shroud of Golubria             Charms/Translocation         2
   c - Song of Slaying                Charms                       2
   d - Spectral Weapon                Hexes/Charms                 3
   e - Regeneration                   Charms/Necromancy            3
Comestibles
 d - 4 bread rations
 f - 3 meat rations


   Skills:
 + Level 3.7(3.6) Fighting
 * Level 5.0(4.9) Long Blades
 + Level 3.4 Armour
 + Level 3.8 Dodging
 + Level 3.1 Spellcasting
 * Level 5.5(5.4) Charms


You had one spell level left.
You knew the following spells:

 Your Spells              Type           Power        Failure   Level  Hunger
a - Infusion              Chrm           ###.         2%          1    #......
b - Song of Slaying       Chrm           ###.....     4%          2    ##.....
c - Shroud of Golubria    Chrm/Tloc      #.........   13%         2    ##.....
d - Regeneration          Chrm/Necr      #.........   26%         3    ###....
e - Spectral Weapon       Hex/Chrm       #.......     26%         3    ###....


Dungeon Overview and Level Annotations

Branches:
Dungeon (4/15)
 Temple: D:4-7

Altars:
Dithmenos
Trog

Annotations:
D:2 Robin
D:4 AGinkyLinky's ghost, novice MiBe


Innate Abilities, Weirdness & Mutations

Shadows flee at your approach. (+LOS)
You can swim through water.
You cover ground slowly.
You can hop short distances.


Message History

You hit AGinkyLinky's ghost.
AGinkyLinky's ghost is severely damaged.
You hit AGinkyLinky's ghost.
AGinkyLinky's ghost is almost destroyed.
AGinkyLinky's ghost hits you but does no damage.
You closely miss AGinkyLinky's ghost.
AGinkyLinky's ghost is almost destroyed.
AGinkyLinky's ghost misses you.
You riposte.
You hit AGinkyLinky's ghost but do no damage.
AGinkyLinky's ghost is almost destroyed.
You barely miss AGinkyLinky's ghost.
AGinkyLinky's ghost is almost destroyed.
You slash AGinkyLinky's ghost!
AGinkyLinky's ghost is almost destroyed.
AGinkyLinky's ghost hits you.
* * * LOW HITPOINT WARNING * * *
You hit AGinkyLinky's ghost but do no damage.
AGinkyLinky's ghost is almost destroyed.
AGinkyLinky's ghost hits you!
You die...

#.....#......................'...
#.....#..>..##....##.........#...
#.....########....##.........#...
#.....#.....##.....#....>...##...
#.....#............'........##...
#.....#...........##...##...##...
#.....#...........##...##..[##...
#.....#...........#....#.....+...
#.....#####.####@###...#)....#...
.....##..##.##.W..##...#....##...
.....#.)..........#....#....##...
.....'............#....#....'....
.....#............#....#....#....
.....#............#....#....#....
.....#######......#######...##...
....(.# ########.....#...##...
......# #.....#...#####


You could see AGinkyLinky's ghost.

Vanquished Creatures
  Purgy (Sewer)
  2 eyes of draining (D:3)
  A howler monkey (D:4)
  A centaur skeleton (D:4)
  Jessica (D:2)
  A worker ant (D:4)
  Terence (D:3)
  A river rat (D:3)
  9 adders
  2 worms
  A dart slug (D:4)
  4 leopard geckos
  7 orcs
  4 giant cockroaches
  7 hobgoblins
  3 jackals
  8 kobolds
  8 bats
  3 frilled lizards
  4 goblins
  A quokka skeleton (D:4)
  10 rats
80 creatures vanquished.

Notes
Turn   | Place    | Note
-------+----------+-------------------------------------------
     0 | D:1      | Lanoc the Barachi Skald began the quest for the Orb.
     0 | D:1      | Reached XP level 1. HP: 17/17 MP: 3/3
    98 | D:1      | Reached XP level 2. HP: 15/23 MP: 5/5
   662 | D:1      | Reached XP level 3. HP: 5/28 MP: 6/6
  1008 | D:2      | Noticed Robin
  1127 | D:2      | Noticed Jessica
  1137 | D:2      | Killed Jessica
  1137 | D:2      | Reached XP level 4. HP: 34/34 MP: 7/7
  1224 | D:2      | Learned a level 2 spell: Song of Slaying
  1333 | D:2      | Learned a level 2 spell: Shroud of Golubria
  1337 | D:2      | Learned a level 3 spell: Regeneration
  1673 | D:3      | Reached XP level 5. HP: 32/40 MP: 8/8
  1705 | D:3      | Found a glowing drain.
  1876 | Sewer    | Entered a sewer
  1973 | Sewer    | Noticed Purgy
  1990 | Sewer    | Killed Purgy
  1990 | Sewer    | Reached XP level 6. HP: 23/47 MP: 0/10
  2242 | D:3      | Found a bloodstained altar of Trog.
  2242 | D:3      | Noticed Terence
  2243 | D:3      | Noticed an eye of draining
  2243 | D:3      | Noticed an eye of draining
  2250 | D:3      | Killed Terence
  2261 | D:3      | Killed an eye of draining
  2261 | D:3      | Reached skill level 5 in Charms
  2278 | D:3      | Killed an eye of draining
  2278 | D:3      | Reached XP level 7. HP: 52/52 MP: 1/11
  2787 | D:4      | Noticed AGinkyLinky's ghost (novice MiBe)
  2876 | D:3      | Learned a level 3 spell: Spectral Weapon
  3255 | D:4      | Found a shadowy altar of Dithmenos.
  3286 | D:4      | Reached skill level 5 in Long Blades
  3483 | D:4      | HP: 3/79 [AGinkyLinky's ghost (6)]
  3484 | D:4      | Mangled by AGinkyLinky's ghost

Skill      XL: |  1  2  3  4  5  6  7 |
---------------+----------------------+-----
Long Blades    | 3 4 5 |  5.0
Charms         | 4 5 |  5.5
Armour         | 2 3 |  3.4
Dodging        | 3 |  3.8
Fighting       | 3 |  3.7
Spellcasting   | 3 |  3.1

Action                   |  1- 3 |  4- 6 |  7- 9 || total
-------------------------+-------+-------+-------++-------
Melee: Falchion          |    73 |   169 |   127 ||   369
 Cast: Infusion          |       |     2 |     2 ||     4
       Shroud of Golubri |       |     1 |       ||     1
       Regeneration      |       |       |     1 ||     1
       Song of Slaying   |       |       |     1 ||     1
 Abil: Evoke Berserk Rag |     1 |     2 |     3 ||     6
       Hop               |       |       |     1 ||     1
  Use: Potion            |     1 |       |       ||     1
 Stab: Sleeping          |       |     1 |       ||     1
  Eat: Chunk             |     1 |     6 |     8 ||    15
Armor: Leather armour    |    31 |    71 |       ||   102
       Troll leather arm |       |     7 |    41 ||    48
Dodge: Dodged            |    81 |   107 |    73 ||   261
       Rpst.: Falchion   |    21 |    29 |    16 ||    66
